 Dungeon Crawl Stone Soup version 0.31-a0-44-g49d609d0da (webtiles) character file.

Game seed: 8224919032038513471

17 SlipperySam the Sneak (level 2, 15/15 HPs)
             Began as a Spriggan Brigand on May 20, 2023.
             Quit the game on level 1 of the Dungeon.
             The game lasted 00:02:31 (421 turns).

SlipperySam the Sneak (Spriggan Brigand)             Turns: 421, Time: 00:02:31

Health: 15/15      AC:  3    Str:  7    XL:     2   Next: 44%
Magic:  3/3        EV: 17    Int: 12    God:
Gold:   30         SH:  0    Dex: 16    Spells: 1/1 levels left

rFire   . . .        a - +2 dagger
rCold   . . .        (no shield)
rNeg    . . .        b - +0 robe
rPois   .            (helmet restricted)
rElec   .            c - +0 cloak
rCorr   .            (gloves unavailable)
SInv    +            (boots unavailable)
Will    .....        (no amulet)
Stlth   +++          (no ring)
HPRegen 0.22/turn    (no ring)
MPRegen 0.08/turn

%: no passive effects
@: very quick
A: very small, no large weapons, unfitting armour, see invisible, speed 3
a: no special abilities


You were on level 1 of the Dungeon.
You visited 1 branch of the dungeon, and saw 1 of its levels.

You collected 30 gold pieces.

Inventory:

Hand Weapons
 a - a +2 dagger (weapon)
Missiles
 d - 9 poisoned darts (quivered)
 e - 3 curare-tipped darts
Armour
 b - a +0 robe (worn)
 c - a +0 cloak (worn)
Scrolls
 f - 2 scrolls of fog {unknown}
 i - 2 scrolls of enchant armour {unknown}
 j - a scroll of immolation {unknown}
Potions
 g - a potion of flight {unknown}
 h - a potion of ambrosia {unknown}
 k - a potion of might {unknown}


   Skills:
 + Level 1.8 Fighting
 + Level 2.4 Short Blades
 + Level 2.2 Throwing
 + Level 1.9 Dodging
 + Level 6.1 Stealth


You had one spell level left.
You didn't know any spells.
Your spell library was empty.

Dungeon Overview and Level Annotations

Branches:
Dungeon (1/15)

Altars:


Innate Abilities, Weirdness & Mutations

You are very small and have problems with some larger weapons.
You are too small for most types of armour.
You have supernaturally acute eyesight. (SInv)
You cover ground extremely quickly. (Speed+++)


Message History

No target in view!
A hobgoblin comes into view.
Found a faded altar of an unknown god.
No reachable target in view!
A hobgoblin is nearby!
No reachable target in view!
A hobgoblin is nearby!
No reachable target in view!
A hobgoblin is nearby!
No reachable target in view!
A hobgoblin is nearby!
No reachable target in view!
You hit the withered plant.
The withered plant begins to crumble.
The withered plant is lightly damaged.
You hit the withered plant.
The withered plant is lightly damaged.
You hit the withered plant.
The withered plant is lightly damaged.
You hit the withered plant.
The withered plant is lightly damaged.
The withered plant crumbles away.
You hit the hobgoblin.
The hobgoblin is almost dead.
The hobgoblin closely misses you.
You hit the hobgoblin.
You kill the hobgoblin!
No target in view!
No target in view!
No target in view!
No target in view!
You see here a hobgoblin corpse.
There is a faded altar of an unknown god here.
There is a faded altar of an unknown god here.
You hit the withered plant.
The withered plant begins to crumble.
The withered plant is lightly damaged.
You completely miss the withered plant.
The withered plant is lightly damaged.
The withered plant crumbles away.
You see here a hobgoblin corpse.
Are you sure you want to abandon this character and quit the game? (Confirm with "yes".)

##.###.##.......# #.#.##
#...#...#.......# #.#.##
##....###.......# #.#.# ###.##
.......# #.#.# #.## ##......#
#>#.# #..###..#...# #.#.##
##..##..#.#.# #.....
##########......########## ###.#.
.........#..#...@.....(..# #.##
.........#..#.#..........#####.##
#...........#.#..†...............
..##.###.####.##.............#.##
#.#..#...# #.##.........###...#
#.#.###### #.##..(......# #####
#.#.# ##............# #...#
#...#.).......# #.###
#####.........#


There were no monsters in sight!

Vanquished Creatures
  A dart slug (D:1)
  3 bats (D:1)
  A giant cockroach (D:1)
  2 hobgoblins (D:1)
  2 quokkas (D:1)
  2 ball pythons (D:1)
  A kobold (D:1)
  3 rats (D:1)
15 creatures vanquished.

Notes
Turn   | Place    | Note
-------+----------+-------------------------------------------
     0 | D:1      | SlipperySam the Spriggan Brigand began the quest for the
                  | Orb.
     0 | D:1      | Reached XP level 1. HP: 10/10 MP: 2/2
   167 | D:1      | Reached skill level 6 in Stealth
   170 | D:1      | Reached XP level 2. HP: 9/15 MP: 3/3
   365 | D:1      | Found a faded altar of an unknown god.
   421 | D:1      | Quit the game

Illustrated notes

Levels and vault maps discovered:
D:1:      dpeg_arrival_round_a, layout_rooms, ebering_ecumenical_altar_petrified

Skill      XL: |  1 |
---------------+----+-----
Stealth        | 6 |  6.1
Fighting       | |  1.8
Short Blades   | |  2.4
Throwing       | |  2.2
Dodging        | |  1.9

Action                     || total
---------------------------++-------
  Melee: Dagger            ||    54
         Punch             ||     2
 Armour: Robe              ||    11
  Dodge: Dodged            ||    57

Table legend: (Time is in decaauts)
 A = Elapsed time spent in this place.
 B = Non-inter-level travel time spent in this place.
 C = Inter-level travel time spent in this place.
 D = Time resting spent in this place.
 E = Time spent auto-exploring this place.
 F = Levels seen in this place.
 G = Mean time per level.
                   A        B        C        D        E       F      G
               +--------+--------+--------+--------+--------+-----+--------+
         Total |    280 |    280 |      0 |      0 |    112 |   1 |  280.0 |
       Dungeon |    280 |    280 |      0 |      0 |    112 |   1 |  280.0 |
               +--------+--------+--------+--------+--------+-----+--------+

Top non-repeatable levels by time:
     D:1: 280 daAuts
